 Dungeon Crawl Stone Soup version 0.21-a0-401-g0b6bec4 (webtiles) character file.

3507 Mitsuki the Blocker (level 9, -1/82 HPs)
             Began as a Minotaur Fighter on Oct 25, 2017.
             Was an Initiate of Gozag.
             Slain by a red ugly thing (6 damage)
             ... on level 9 of the Dungeon.
             The game lasted 00:16:04 (8489 turns).

Mitsuki the Blocker (Minotaur Fighter)              Turns: 8489, Time: 00:16:05

Health: -1/82      AC: 16    Str: 23    XL:     9   Next: 81%
Magic:  11/11      EV:  8    Int:  5    God:    Gozag
Gold:   917        SH: 12    Dex: 14    Spells: 8/8 levels left

rFire    . . .     SeeInvis .   G - +0 flail (protect)
rCold    . . .     Gourm    .   c - +0 shield
rNeg     . . .     Faith    .   b - +0 scale mail
rPois    .         Spirit   .   (helmet restricted)
rElec    .         Reflect  .   (no cloak)
rCorr    .         Harm     .   (no gloves)
MR       .....                  D - +0 pair of boots (curse)
Stlth    ..........             (no amulet)
HPRegen  0.23/turn              x - +3 ring of dexterity
MPRegen  0.12/turn              (no ring)

@: protection aura
A: retaliatory headbutt, horns 2
a: Potion Petition, Call Merchant, Bribe Branch, Renounce Religion


You were on level 9 of the Dungeon.
You worshipped Gozag.
Gozag was pleased with you.
You were hungry.

You visited 1 branch of the dungeon, and saw 9 of its levels.

You collected 1195 gold pieces.
You paid 278 gold pieces to Gozag.

Inventory:

Hand Weapons
 G - a +0 flail of protection (weapon)
Armour
 b - a +0 scale mail (worn)
 c - a +0 shield (worn)
 D - a cursed +0 pair of boots (worn)
Jewellery
 p - an uncursed ring of fire
 t - an uncursed ring of fire
 w - an uncursed ring of stealth
 x - a +3 ring of dexterity (left hand)
 I - an uncursed amulet of faith
 O - an uncursed ring of ice
Wands
 a - a wand of lightning (5/15)
 k - a wand of confusion (12/48)
 v - a wand of iceblast (10/15)
 F - a wand of disintegration (13/24)
 M - a wand of digging (17/24)
 N - a wand of flame (26/48)
Scrolls
 g - 6 scrolls of teleportation {unknown}
 j - 9 scrolls of identify {unknown}
 l - 3 scrolls of blinking {unknown}
 m - 2 scrolls of enchant weapon {unknown}
 n - 2 scrolls of magic mapping {unknown}
 o - a scroll of recharging {unknown}
 q - 4 scrolls of amnesia {unknown}
 s - 2 scrolls of fear {unknown}
 y - a scroll of enchant armour {unknown}
 z - a scroll of noise {unknown}
 C - 4 scrolls of remove curse {unknown}
 E - a scroll of fog {unknown}
Potions
 d - a potion of degeneration {unknown}
 e - 2 potions of heal wounds {unknown}
 h - a potion of invisibility {unknown}
 i - 2 potions of brilliance {unknown}
 u - 3 potions of lignification {unknown}
 A - 2 potions of curing {unknown}
 B - 2 potions of cancellation {unknown}
 H - a potion of agility {unknown}
 J - a potion of berserk rage {unknown}
Books
 K - a book of Air

   Spells                             Type                      Level
   a - Shock                          Conjuration/Air              1
   b - Swiftness                      Charms/Air                   2
   c - Static Discharge               Conjuration/Air              3
   d - Airstrike                      Air                          4
   e - Lightning Bolt                 Conjuration/Air              5
Comestibles
 f - 7 bread rations
 r - 3 meat rations
 L - a fruit


   Skills:
 + Level 8.6 Fighting
 + Level 8.2 Maces & Flails
 + Level 8.6 Armour
 + Level 8.7 Shields
 + Level 4.5 Evocations


You had 8 spell levels left.
You didn't know any spells.

Dungeon Overview and Level Annotations

Branches:
Dungeon (9/15)             Temple (0/1) D:5
   Lair: D:8-11         Orc: D:9-12

Altars:
Ashenzari
Elyvilon
Fedhas
Gozag
Hepliaklqana
Kikubaaqudgha
Nemelex Xobeh
Qazlal
Trog
Vehumet
Xom
Yredelemnul
The Shining One

Shops:
D:4 *   D:5 %   D:8 }


Innate Abilities, Weirdness & Mutations

You reflexively headbutt those who attack you in melee.
You have a pair of horns on your head.


Message History

The red ugly thing is moderately wounded.
The red ugly thing tentacle-slaps you.
* * * LOW HITPOINT WARNING * * *
You are engulfed in flames!
* * * LOW HITPOINT WARNING * * *
You take 15 damage, and have 4/82 hp.
You thump the red ugly thing!
The red ugly thing is heavily wounded.
You block the red ugly thing's attack.
You closely miss the red ugly thing. You headbutt the red ugly thing.
The red ugly thing is heavily wounded.
The red ugly thing tentacle-slaps you but does no damage.
You hit the red ugly thing but do no damage.
The red ugly thing is heavily wounded.
The red ugly thing tentacle-slaps you but does no damage.
You sock the red ugly thing!
The red ugly thing is severely wounded.
The red ugly thing tentacle-slaps you.
You die...
Your body crumbles into a pile of gold.

## .. ##.#######
#(.......#
##########+###........#
#...........##........#
#...........##$..)....##
#............uY........?
#...........@#$.......#
#.))).......##T.......#
###'##########...?....#
#.# #........# ##.#
###..##### #..# ##.#
##'####### .. #........#
... #........# ....


You could see a red ugly thing and an ice beast.

Vanquished Creatures
  Pikel (D:5)
  Joseph (D:7)
  The ghost of kkknotok the Insei, an amateur OpTm (D:3)
  A black bear (D:8)
  Purgy (D:3)
  2 orc warriors
  A sky beast (D:5)
  A phantom (D:8)
  2 eyes of draining (D:8)
  4 ogres
  2 centaurs
  4 bullfrogs
  A big kobold (D:5)
  4 scorpions
  A bullfrog zombie (D:7)
  2 crimson imps
  A jelly (D:3)
  2 hounds (D:4)
  3 orc wizards
  5 orc priests
  A centaur skeleton (D:4)
  An iguana (D:7)
  4 worker ants
  2 hound skeletons
  A worker ant zombie (D:5)
  Robin (D:3)
  A howler monkey skeleton (D:6)
  14 adders
  An adder zombie (D:7)
  2 adder skeletons
  3 worms (D:3)
  A leopard gecko (D:1)
  28 orcs
  7 giant cockroaches
  16 goblins
  5 hobgoblins
  8 jackals
  5 quokkas
  7 ball pythons
  A ball python skeleton (D:4)
  7 bats
  4 frilled lizards
  14 kobolds
  A leopard gecko skeleton (D:4)
  2 quokka skeletons (D:7)
  8 rats
185 creatures vanquished.

Vanquished Creatures (others)
  A two-headed ogre (D:7)
  A yak (D:7)
  A slave (D:5)
  Blork the orc (D:5)
  2 bullfrogs
  A quasit (D:7)
  A bullfrog skeleton (D:5)
  A howler monkey skeleton (D:7)
  An adder (D:7)
  A shadow imp (D:5)
  2 orcs
  A giant cockroach (D:7)
  A kobold (D:3)
  A frilled lizard (D:5)
16 creatures vanquished.

Grand Total: 201 creatures vanquished

Notes
Turn   | Place    | Note
-------+----------+-------------------------------------------
     0 | D:1      | Mitsuki the Minotaur Fighter began the quest for the Orb.
     0 | D:1      | Reached XP level 1. HP: 19/19 MP: 0/0
   190 | D:1      | Reached XP level 2. HP: 27/27 MP: 1/1
   632 | D:2      | Reached XP level 3. HP: 17/33 MP: 2/2
   942 | D:2      | Found a faded altar of an unknown god.
  1084 | D:2      | Found a hazy altar of Hepliaklqana.
  1189 | D:2      | Found a radiant altar of Vehumet.
  1310 | D:2      | Found a basalt altar of Yredelemnul.
  1703 | D:3      | Noticed kkknotok's ghost (amateur OpTm)
  1713 | D:3      | HP: 1/33 [kkknotok's ghost (4)]
  1714 | D:3      | Killed kkknotok's ghost
  1714 | D:3      | Reached XP level 4. HP: 1/41 MP: 3/3
  1714 | D:3      | Reached XP level 5. HP: 1/47 MP: 4/4
  2136 | D:3      | Noticed Robin
  2164 | D:3      | Killed Robin
  2164 | D:3      | Reached skill level 5 in Fighting
  2358 | D:3      | Noticed Purgy
  2365 | D:3      | Killed Purgy
  2365 | D:3      | Reached skill level 5 in Armour
  2365 | D:3      | Reached skill level 5 in Shields
  2365 | D:3      | Reached XP level 6. HP: 50/56 MP: 5/5
  2574 | D:3      | Found a white marble altar of Elyvilon.
  3022 | D:4      | Found Gozag's Platinum Reserve.
  3055 | D:4      | Reached skill level 5 in Maces & Flails
  3055 | D:4      | Reached XP level 7. HP: 53/62 MP: 6/6
  3449 | D:4      | Found an opulent altar of Gozag.
  3468 | D:4      | Became a worshipper of Gozag Ym Sagoz the Greedy
  3651 | D:4      | Found a sparkling altar of Nemelex Xobeh.
  3757 | D:5      | Entered Level 5 of the Dungeon
  3898 | D:5      | Found a staircase to the Ecumenical Temple.
  3905 | D:5      | Reached skill level 1 in Evocations
  3906 | D:5      | Noticed Pikel
  3928 | D:5      | Killed Pikel
  3928 | D:5      | Reached XP level 8. HP: 45/71 MP: 6/8
  4360 | D:5      | Found Oppek's Food Shoppe.
  4378 | D:5      | Killed Blork the orc
  5296 | D:6      | Found a white marble altar of Elyvilon.
  5428 | D:6      | Found a shattered altar of Ashenzari.
  5432 | D:6      | Saw a vision of the Swamp and the Spider Nest.
  5432 | D:6      | Noticed a wolf spider
  5432 | D:6      | Noticed an alligator
  5432 | D:6      | Noticed an alligator
  5432 | D:6      | Noticed a wolf spider
  5694 | D:7      | Killed a two-headed ogre
  5835 | D:7      | Reached XP level 9. HP: 56/79 MP: 10/10
  6204 | D:7      | Found a blossoming altar of Fedhas.
  6681 | D:7      | Noticed Joseph
  6697 | D:7      | Killed Joseph
  6827 | D:7      | Found a glowing golden altar of the Shining One.
  6968 | D:7      | Found a stormy altar of Qazlal.
  7017 | D:7      | Found a shimmering altar of Xom.
  7574 | D:8      | Found Meshreen's Gadget Emporium.
  7841 | D:8      | Found an ancient bone altar of Kikubaaqudgha.
  8219 | D:8      | Found a bloodstained altar of Trog.
  8467 | D:9      | Noticed a red ugly thing
  8473 | D:9      | Noticed a troll
  8481 | D:9      | HP: 1/82 [red ugly thing (21)]
  8489 | D:9      | Slain by a red ugly thing

Vault maps used:
D:1:      eino_arrival_water_cross, hangedman_glass_teeth
D:2:      yredelemnul_altar_generic, marbit_many_paths, vehumet_crystals,
          chequers_ecumenical_altar_island
D:3:      elyvilon_altar_4, uniq_robin, uniq_purgy
D:4:      kennysheep_mini_moat, nicolae_gozag_zags_fifth_avenue, first_bread,
          minmay_snake_closets
D:5:      minmay_temple_entry_overgrown, serial_shops, kennysheep_mini,
          uniq_pikel, uniq_blork_the_orc
D:6:      lemuel_round_altar, amethyst_killhole, grunt_ashenzari_visionary
D:7:      tso_altar, kennysheep_little_box, xom_confusion_cloud,
          lemuel_crystal_altar, st_stairs_1, minivault_25, uniq_joseph
D:8:      lemuel_crystal_altar, lightli_temple_of_fire, serial_shops, shop

Skill      XL: |  1  2  3  4  5  6  7  8  9 |
---------------+----------------------------+-----
Fighting       | 4 5 6 7 8 |  8.6
Shields        | 4 5 6 7 8 |  8.7
Armour         | 4 5 6 7 8 |  8.6
Maces & Flails | 3 4 5 6 7 8 |  8.2
Evocations     | 2 3 4 |  4.5

Action                   |  1- 3 |  4- 6 |  7- 9 || total
-------------------------+-------+-------+-------++-------
Melee: Flail             |   118 |   117 |   365 ||   600
       Headbutt          |    12 |    22 |    73 ||   107
Invok: Potion Petition   |       |       |     2 ||     2
  Use: Potion            |     1 |       |       ||     1
 Stab: Distracted        |       |       |     1 ||     1
  Eat: Chunk             |     3 |     4 |     1 ||     8
       Meat ration       |       |       |     2 ||     2
       Royal jelly       |       |       |     3 ||     3
Armor: Scale mail        |    60 |    33 |   134 ||   227
Dodge: Dodged            |    38 |    35 |   139 ||   212
Block: Shield            |    54 |    64 |   215 ||   333

Table legend:
 A = Spawn XP
 B = Non-spawn XP
 C = Spawn XP percentage of total XP
 D = Spawn monster count
 E = Non-spawn monster count
 F = Spawn count percentage of total count
 G = Total turns spent on level
                    A         B        C        D         E        F      G
               +---------+---------+-------+---------+---------+-------+---------
         Total |       0 |    5011 |   0.0 |       0 |     185 |   0.0 |  8489
               +---------+---------+-------+---------+---------+-------+---------
           D:1 |       0 |      33 |   0.0 |       0 |      22 |   0.0 |   618
           D:2 |       0 |      39 |   0.0 |       0 |      10 |   0.0 |   992
           D:3 |       0 |     468 |   0.0 |       0 |      42 |   0.0 |  1235
           D:4 |       0 |     326 |   0.0 |       0 |      19 |   0.0 |   912
           D:5 |       0 |    1442 |   0.0 |       0 |      29 |   0.0 |  1201
           D:6 |       0 |     519 |   0.0 |       0 |      13 |   0.0 |  1001
           D:7 |       0 |    1196 |   0.0 |       0 |      26 |   0.0 |  1460
           D:8 |       0 |     923 |   0.0 |       0 |      13 |   0.0 |   996
           D:9 |       0 |      65 |   0.0 |       0 |      11 |   0.0 |    74
               +---------+---------+-------+---------+---------+-------+---------
